 Dungeon Crawl Stone Soup version 0.31-a0-466-g98c9adc2b6 (webtiles) character file.

Game seed: 11165488030466976675

180 MisterAzrael the Ruffian (level 5, -3/35 HPs)
             Began as an Octopode Shapeshifter on Aug 5, 2023.
             Was an Initiate of Makhleb.
             Killed by divine providence
             ... invoked by an orc priest
              (14 damage)
             ... on level 4 of the Dungeon.
             The game lasted 00:02:00 (2557 turns).

MisterAzrael the Ruffian (Octopode Shapeshifter)    Turns: 2557, Time: 00:02:01

Health: -3/35      AC:  1    Str: 17    XL:     5   Next: 60%
Magic:  5/5        EV: 13    Int: 10    God:    Makhleb [......]
Gold:   76         SH:  5    Dex: 12    Spells: 4/4 levels left

rFire   + .          .
                       - Unarmed
rCold   x . .        (no shield)
rNeg    . . .        (helmet currently unavailable)
rPois   .            e - amulet of reflection
rElec   .            i - ring of fire
rCorr   .            (no ring)
SInv    .            (no ring)
Will    +....        (no ring)
Stlth   ++           (no ring)
HPRegen 0.25/turn    (no ring)
MPRegen 0.09/turn    (no ring)
                     (no ring)

%: reflection
@: mighty, beast-form, enlightened, flying
A: beast (slay +2), almost no armour, amphibious, 8 rings, camouflage 1,
gelatinous body 1, (nimble swimmer 1), tentacles
a: Begin Untransformation, Renounce Religion


You were on level 4 of the Dungeon.
You worshipped Makhleb.
Makhleb was noncommittal.
You were a hulking beast.
You visited 1 branch of the dungeon, and saw 4 of its levels.

You collected 76 gold pieces.

Inventory:

Jewellery
 e - an amulet of reflection (around mantle)
 i - a ring of fire (left tentacle)
 j - an amulet of the acrobat
Talismans
 b - a beast talisman (active)
Scrolls
 c - 3 scrolls of teleportation {unknown}
 f - 5 scrolls of identify {unknown}
 g - a scroll of amnesia {unknown}
 h - a scroll of enchant weapon {unknown}
 k - 2 scrolls of noise {unknown}
 l - a scroll of poison {unknown}
 n - a scroll of brand weapon {unknown}
Potions
 a - a potion of lignification
 d - 2 potions of enlightenment
 p - a potion of cancellation {unknown}


   Skills:
 + Level 2.4 Fighting
 + Level 2.9 Dodging
 * Level 4.1 Unarmed Combat
 * Level 3.8 Shapeshifting


You had 4 spell levels left.
You didn't know any spells.
Your spell library was empty.

Dungeon Overview and Level Annotations

Branches:
Dungeon (4/15)
 Temple: D:4-7

Altars:
Fedhas
Kikubaaqudgha
Makhleb
Wu Jian

Shops:
D:3 :


Innate Abilities, Weirdness & Mutations

You are a hulking beast.
Your limbs bulge with bestial killing power. (Slay +2)
You cannot wear most types of armour.
You are amphibious.
You can wear up to eight rings at the same time.
Your skin changes colour to match your surroundings (Stealth+).
Your rubbery body absorbs attacks. (AC +1, EV +1)
((You are camouflaged when in or above water. (Stealth+)))
You have tentacles for arms and can constrict up to eight enemies at once.


Message History

Found a scroll labelled NOOCON DENE.
The hound barely misses you. x2
You tentacle-slap the hound. You grab the hound.
The hound is moderately wounded.
You constrict the hound. The hound bites you.
You tentacle-slap the hound but do no damage.
The hound is moderately wounded.
You constrict the hound.
An orc priest comes into view. It is wielding a +0 club.
The hound bites you.
You barely miss the hound.
The hound is heavily wounded.
You constrict the hound. The hound bites you. You block the hound's attack.
You barely miss the hound.
The orc priest shouts!
You squeeze the hound, but do no damage.
The hound is heavily wounded.
You constrict the hound. You block the hound's attack.
You bludgeon the hound!
You kill the hound!
Makhleb accepts your kill.
The orc priest mumbles some strange prayers to Beogh against you.
Beogh smites you!
It was a potion of enlightenment.
You feel very buoyant.
You fly up into the air.
The orc priest begins to cast a cantrip, but forgets the words!
An orc priest comes into view. It is wielding a +0 club.
It was a potion of might.
You feel very mighty all of a sudden.
The orc priest calls down the wrath of Beogh upon you.
Beogh smites you!
* * * LOW HITPOINT WARNING * * *
It was a potion of curing.
You feel better.
An orc comes into view. It is wielding a +0 war axe.
You block the orc priest's attack.
Found 18 gold pieces.
The orc priest closely misses you.
The orc priest calls down the wrath of Beogh upon you.
Beogh smites you!
You die...

#... #..$
##o.. .'...
#...#########
#
#.........##.#
#.oo.......?.#
#.h.......####
########+#<..#
#.....#
#######


You could see 2 orc priests and an orc (wandering).

Vanquished Creatures
  A hound (D:4)
  An orc priest (D:3)
  An iguana (D:3)
  2 adders
  A worm (D:3)
  9 orcs
  7 ball pythons
  A bat (D:2)
  7 endoplasms
  4 giant cockroaches
  7 goblins
  5 hobgoblins
  A quokka (D:2)
  4 frilled lizards
  5 kobolds
  5 rats
61 creatures vanquished.

Notes
Turn   | Place    | Note
-------+----------+-------------------------------------------
     0 | D:1      | MisterAzrael the Octopode Shapeshifter began the quest for
                  | the Orb.
     0 | D:1      | Reached XP level 1. HP: 13/13 MP: 1/1
   208 | D:1      | Reached XP level 2. HP: 16/18 MP: 2/2
   654 | D:2      | Reached XP level 3. HP: 23/23 MP: 3/3
  1396 | D:3      | Reached XP level 4. HP: 18/29 MP: 4/4
  1557 | D:3      | Found a burning altar of Makhleb.
  1557 | D:3      | Noticed an Executioner
  1949 | D:3      | Noticed a smoke demon
  1949 | D:3      | Noticed a ynoxinul
  1951 | D:3      | Became a worshipper of Makhleb the Destroyer
  1961 | D:3      | Found a blossoming altar of Fedhas.
  1980 | D:3      | Reached skill level 4 in Unarmed Combat
  1980 | D:3      | Reached XP level 5. HP: 22/34 MP: 5/5
  2154 | D:3      | Found an ancient bone altar of Kikubaaqudgha.
  2155 | D:3      | Found an ornate altar of the Wu Jian Council.
  2170 | D:3      | Found Awnapp's Book Shop.
  2557 | D:4      | Killed from afar by an orc priest

Illustrated notes

Levels and vault maps discovered:
D:1:      minmay_arrival_four_circles, layout_basic, hangedman_decor_points
D:2:      layout_rooms, kennysheep_generic_room_6
D:3:      layout_basic, mainiacjoe_overflow_alcove_1,
          nicolae_overflow_hidden_temple, makhleb_altar_promises_db,
          serial_shops, nicolae_book_shop_shelving
D:4:      layout_basic, nicolae_elyvilon_temple_path, grunt_ministairs_14,
          minmay_manual_mail, uniq_crazy_yiuf_cottage, uniq_grinder

Skill      XL: |  1  2  3  4 |
---------------+-------------+-----
Fighting       | 2 |  2.4
Unarmed Combat | 4 |  4.1
Dodging        | |  2.9
Shapeshifting  | |  3.8

Action                     |  1- 3 |  4- 6 || total
---------------------------+-------+-------++-------
  Melee: Unarmed           |    76 |    44 ||   120
         Constrict         |    17 |    12 ||    29
         Tentacles         |    14 |     9 ||    23
         Punch             |       |     2 ||     2
    Use: Potion            |       |     3 ||     3
   Stab: Sleeping          |     5 |     3 ||     8
 Armour: Skin              |     9 |     2 ||    11
  Dodge: Dodged            |    35 |    18 ||    53
  Block: Other             |     9 |    13 ||    22

Table legend: (Time is in decaauts)
 A = Elapsed time spent in this place.
 B = Non-inter-level travel time spent in this place.
 C = Inter-level travel time spent in this place.
 D = Time resting spent in this place.
 E = Time spent auto-exploring this place.
 F = Levels seen in this place.
 G = Mean time per level.
                   A        B        C        D        E       F      G
               +--------+--------+--------+--------+--------+-----+--------+
         Total |   2547 |   2412 |    135 |    554 |   1508 |   4 |  636.8 |
       Dungeon |   2547 |   2412 |    135 |    554 |   1508 |   4 |  636.8 |
               +--------+--------+--------+--------+--------+-----+--------+

Top non-repeatable levels by time:
     D:3: 1209 daAuts
     D:2: 709 daAuts
     D:1: 613 daAuts
     D:4: 15 daAuts
